Map: Terrazze Prion

Players

Luxus - Winner!

  • Race: Protoss Protoss
  • League: Silver

Jhyrachy

  • Race: Zerg Zerg
  • League: Silver

VOD

Have the link to the VOD?

Description

Time

  • Played on: March 9, 2016, 12:21 p.m.
  • Length: 28:22
Show
View Real Time Build Order
Export as new Build Order

Luxus Protoss - Winner!

Build Orders:  

Get SALT Encoding   

  12  0:02  Probe (Chrono Boost)  
  13  0:12  Probe (Chrono Boost)  
  14  0:21  Pylon  
  14  0:23  Probe (Chrono Boost)  
  15  0:45  Probe (Chrono Boost)  
  16  0:50  Gateway  
  16  0:52  Assimilator  
  16  1:02  Probe (Chrono Boost)  
  17  1:16  Probe (Chrono Boost)  
  18  1:19  Pylon  
  18  1:27  Probe (Chrono Boost)  
  19  1:37  Cybernetics Core  
  19  1:41  Gateway  
  19  1:42  Gateway  
  19  1:56  Gateway  
  19  2:06  Gateway  
  19  2:19  Warp Gate (Chrono Boost)  
  19  2:21  Probe  
  20  2:29  Stalker  
  22  2:30  Stalker  
  22  2:36  Stalker  
  26  2:39  Assimilator  
  25  3:15  Stalker x2  
  29  3:22  Probe  
  30  3:32  Pylon  
  30  3:34  Probe  
  31  3:50  Probe  
  32  4:20  Zealot x3  
  38  4:24  Pylon  
  38  4:33  Pylon  
  38  4:36  Probe  
  39  4:41  Nexus  
  38  4:53  Stalker  
  38  4:54  Stalker x3  
  42  5:17  Sentry  
  42  5:18  Sentry x3  
  40  5:54  Stalker x2  
  40  5:55  Stalker x2  
  46  5:58  Probe  
  46  5:59  Probe  
  48  6:08  Probe  
  49  6:11  Probe  
  49  6:15  Assimilator  
  49  6:17  Assimilator  
  50  6:26  Probe  
  50  6:28  Probe  
  52  6:37  Probe  
  53  6:40  Probe, Robotics Facility  
  53  6:45  Forge  
  54  6:52  Stalker  
  54  6:53  Stalker  
  58  7:12  Mothership Core  
  60  7:19  Stalker  
  59  7:25  Pylon  
  59  7:27  Pylon  
  57  7:38  Immortal  
  49  8:17  Immortal (Chrono Boost)  
  45  8:38  Stalker x2  
  49  8:41  Stalker  
  51  8:55  Probe  
  51  8:57  Probe  
  51  9:00  Immortal (Chrono Boost)  
  57  9:03  Stalker x2  
  57  9:06  Probe  
  57  9:09  Probe  
  53  9:29  Stalker x2  
  55  9:50  Observer (Chrono Boost)  
  56  10:10  Probe  
  56  10:12  Probe  
  58  10:21  Probe  
  58  10:24  Probe  
  60  10:37  Pylon  
  60  10:40  Pylon  
  60  10:48  Nexus  
  60  10:51  Assimilator  
  60  10:55  Assimilator  
  60  10:58  Pylon  
  60  11:01  Immortal (Chrono Boost)  
  60  11:03  Sentry x3  
  70  11:27  Gateway  
  70  11:28  Gateway  
  70  11:46  Stalker x2  
  74  11:47  Stalker  
  74  11:51  Probe  
  74  11:52  Probe  
  78  11:57  Immortal (Chrono Boost)  
  82  12:02  Probe  
  82  12:04  Forge  
  82  12:05  Probe, Forge  
  82  12:08  Twilight Council  
  84  12:12  Robotics Facility  
  84  12:18  Robotics Bay  
  84  12:26  Zealot x3  
  90  12:30  Protoss Ground Weapons Level 1 (Chrono Boost)  
  90  12:31  Immortal (Chrono Boost)  
  94  12:39  Protoss Shields Level 1 (Chrono Boost)  
  94  12:48  Probe  
  94  12:49  Probe x2  
  97  13:02  Probe  
  97  13:04  Blink (Chrono Boost)  
  98  13:08  Disruptor  
  98  13:09  Observer  
  102  13:26  Stalker x4  
  102  13:27  Stalker  
  112  14:18  Photon Cannon  
  112  14:21  Photon Cannon  
  112  14:22  Disruptor  
  115  14:25  Pylon  
  115  14:28  Pylon  
  115  14:31  Pylon  
  115  14:33  Photon Cannon  
  115  14:35  Photon Cannon  
  115  14:46  Disruptor  
  115  14:49  Zealot x4  
  115  14:50  Zealot  
  128  14:54  Protoss Shields Level 2 (Chrono Boost)  
  128  14:55  Charge (Chrono Boost)  
  128  14:59  Protoss Ground Armor Level 1 (Chrono Boost)  
  128  15:11  Sentry x2  
  132  15:21  Pylon  
  132  15:23  Pylon  
  132  15:38  Pylon  
  132  15:42  Pylon  
  132  15:43  Colossus  
  132  15:44  Colossus  
  132  15:46  Extended Thermal Lance (Chrono Boost)  
  132  15:47  Photon Cannon  
  144  15:59  Stalker x3  
  144  16:00  Stalker x2  
  154  16:11  Nexus  
  154  16:17  Assimilator  
  154  16:19  Assimilator  
  154  16:37  Observer  
  155  16:44  Sentry  
  155  16:45  Sentry x4  
  155  16:46  Protoss Ground Weapons Level 2 (Chrono Boost)  
  74  17:39  Colossus x2 (Chrono Boost)  
  86  17:51  Sentry x4  
  94  18:03  Probe  
  94  18:04  Probe x3  
  103  18:27  Colossus x2 (Chrono Boost)  
  109  18:39  Stalker x2  
  109  18:40  Stalker x3  
  62  19:14  Colossus (Chrono Boost)  
  62  19:17  Stalker x5  
  76  19:46  Zealot x4  
  76  19:47  Zealot  
  76  19:51  Colossus (Chrono Boost)  
  76  19:52  Protoss Shields Level 3 (Chrono Boost)  
  92  19:55  Colossus (Chrono Boost)  
  92  20:00  Protoss Ground Armor Level 2 (Chrono Boost)  
  98  20:18  Sentry x2  
  98  20:19  Sentry x3  
  108  20:42  Colossus (Chrono Boost)  
  108  20:47  Immortal (Chrono Boost)  
  108  20:49  Stalker x2  
  122  20:50  Stalker x2  
  126  21:20  Immortal (Chrono Boost)  
  110  21:34  Zealot x4  
  110  21:35  Zealot  
  120  21:43  Immortal (Chrono Boost)  
  124  22:10  Nexus, Protoss Ground Weapons Level 3 (Chrono Boost)  
  124  22:11  Immortal, Zealot x3  
  124  22:12  Zealot x2  
  124  22:14  Pylon  
  134  22:16  Pylon  
  134  22:22  Immortal  
  142  22:27  Protoss Ground Armor Level 3 (Chrono Boost)  
  142  22:34  Sentry x2  
  142  22:35  Sentry x2  
  150  22:57  Zealot  
  152  23:10  Stalker  
  152  23:11  Stalker x3  
  80  24:06  Colossus  
  76  24:13  Colossus  
  88  24:25  Probe  
  88  24:26  Probe  
  88  24:27  Probe x3  
  93  24:52  Assimilator  
  93  24:53  Colossus  
  93  24:58  Assimilator  
  93  24:59  Zealot  
  95  25:00  Zealot x4  
  109  25:07  Colossus  
  113  25:33  Photon Cannon  
  113  25:34  Stalker x3  
  113  25:35  Stalker x2  
  119  25:36  Photon Cannon  
  119  25:39  Colossus  
  119  25:41  Photon Cannon  
  101  26:00  Colossus  
  107  26:12  Pylon  
  107  26:16  Pylon  
  107  26:18  Stalker x2  
  107  26:19  Stalker x3  
  117  26:41  Photon Cannon  
  117  26:43  Photon Cannon  
  117  26:46  Photon Cannon  
  117  26:48  Photon Cannon  
  117  26:51  Stalker x5  
  127  26:55  Nexus  
  127  27:35  Sentry x4  
  127  27:36  Sentry  
  149  28:13  Stalker x2  
  149  28:14  Stalker x3  
Show
View Real Time Build Order
Export as new Build Order

Jhyrachy Zerg 

Build Orders: Hatch First, Roach Nydus 

Get SALT Encoding   

  12  0:01  Drone  
  13  0:12  Drone  
  14  0:20  Overlord  
  14  0:39  Drone x3  
  17  0:55  Hatchery  
  16  0:57  Drone  
  17  1:06  Extractor  
  17  1:07  Drone  
  17  1:18  Spawning Pool  
  16  1:26  Drone  
  16  1:27  Drone  
  18  1:39  Drone  
  19  1:51  Overlord  
  19  2:08  Drone  
  19  2:09  Drone x2  
  19  2:13  Queen  
  24  2:19  Queen  
  26  2:26  Zergling x4  
  28  2:33  Zergling x4  
  30  2:40  Overlord  
  30  2:44  Drone  
  31  3:05  Drone  
  31  3:07  Drone x3  
  31  3:10  Lair  
  31  3:12  Queen  
  37  3:18  Roach Warren  
  37  3:19  Drone x2  
  37  3:48  Queen  
  39  4:02  Drone  
  40  4:03  Overlord x2  
  40  4:04  Overlord x2  
  40  4:17  Roach  
  40  4:18  Roach  
  44  4:28  Roach  
  44  4:29  Roach x8  
  62  4:34  Queen  
  57  5:10  Nydus Network, Queen  
  58  5:19  Extractor  
  58  5:21  Drone x3  
  52  5:57  Roach  
  52  5:58  Roach x5  
  64  6:17  Extractor  
  63  6:19  Roach x4  
  63  6:21  Drone  
  72  6:42  Nydus Canal  
  72  6:53  Roach x2  
  76  6:55  Overlord x2  
  74  7:41  Roach x6  
  72  8:09  Roach x4  
  72  8:10  Queen  
  54  8:42  Roach  
  54  8:43  Roach x5  
  54  8:46  Queen  
  40  10:03  Drone x2  
  40  10:04  Drone  
  40  10:05  Drone x3  
  46  10:16  Extractor  
  45  10:45  Hatchery  
  45  10:49  Hatchery  
  43  10:51  Roach  
  43  10:52  Roach x10  
  65  11:14  Hydralisk Den  
  64  11:56  Overlord x3  
  64  11:57  Overlord  
  64  12:05  Queen  
  66  12:09  Queen  
  68  12:31  Hydralisk  
  68  12:32  Hydralisk x11  
  68  12:33  Hydralisk x9  
  110  12:41  Muscular Augments  
  110  13:06  Overseer  
  110  13:38  Hydralisk  
  110  13:39  Hydralisk x8  
  128  14:01  Lurker Den  
  128  14:20  Evolution Chamber  
  128  14:22  Evolution Chamber  
  126  14:56  Hydralisk  
  128  15:00  Overlord x4  
  128  15:01  Overlord  
  128  15:06  Zerg Missile Weapons Level 1  
  128  15:07  Zerg Ground Armor Level 1  
  128  15:34  Lurker x7  
  135  15:37  Drone  
  135  15:38  Drone x4  
  135  15:39  Drone x2  
  135  15:42  Extractor  
  141  15:43  Overlord x3  
  141  15:44  Overlord x3  
  141  15:45  Extractor  
  140  17:05  Lurker  
  140  17:06  Lurker x7  
  66  17:40  Roach  
  66  17:41  Roach x16  
  66  17:42  Roach x13  
  126  17:52  Hatchery  
  126  17:57  Zerg Missile Weapons Level 2  
  125  18:04  Extractor  
  124  18:07  Extractor  
  124  18:11  Hydralisk x5  
  50  19:38  Hydralisk  
  50  19:39  Hydralisk x13  
  50  19:40  Hydralisk x4  
  86  19:53  Queen  
  86  19:59  Queen  
  88  20:05  Hydralisk  
  88  20:06  Hydralisk x4  
  100  20:09  Zergling x24  
  100  20:10  Zergling x10  
  117  20:18  Zerg Melee Weapons Level 1  
  117  20:52  Zerg Ground Armor Level 2  
  117  20:57  Metabolic Boost  
  117  21:03  Zergling x10  
  117  21:04  Zergling x34  
  135  21:56  Hatchery  
  135  22:00  Hydralisk  
  135  22:01  Hydralisk x20  
  136  22:02  Hydralisk  
  136  22:04  Zergling x2  
  136  22:05  Zergling x8  
  183  22:22  Zerg Melee Weapons Level 2  
  183  22:45  Overseer x2  
  183  22:48  Pneumatized Carapace  
  183  23:31  Spire  
  88  24:01  Roach x9  
  88  24:02  Roach x9  
  82  24:11  Lurker x2  
  84  24:37  Lurker x3  
  87  25:19  Drone x4  
  63  25:57  Corruptor x5  
  48  27:21  Mutalisk  
  48  27:22  Mutalisk x13  
Tags
 
Add a new tag
Caveats
  • Supply blocks, unpowered buildings, or Contaminate may cause inaccurate times.
  • Supply counts are checked every 10 seconds.